Map: Ley Lines

Players

Vaisravana

  • Race: Zerg Zerg
  • Spawn Location: 7:00

A.I. 1 (Very Easy) - Winner!

  • Race: Zerg Zerg
  • Spawn Location: 1:00

VOD

Have the link to the VOD?

Description

Time

  • Played on: May 8, 2025, 6:42 a.m.
  • Length: 6:23
Show
View Real Time Build Order
Export as new Build Order

Vaisravana Zerg 

Build Orders: Pool First 

Get SALT Encoding   

  12  0:00  Drone  
  13  0:12  Overlord  
  13  0:17  Drone  
  14  0:30  Drone x2  
  16  0:40  Spawning Pool  
  15  0:45  Drone  
  15  0:48  Drone  
  17  1:10  Hatchery  
  16  1:13  Drone  
  16  1:16  Extractor  
  16  1:27  Zergling x2  
  16  1:28  Zergling x4  
  19  1:33  Queen  
  21  1:49  Overlord, Drone  
  22  2:10  Queen  
  24  2:16  Drone x2  
  24  2:19  Metabolic Boost  
  26  2:29  Drone  
  28  2:30  Drone  
  28  2:41  Drone  
  28  2:42  Drone x4  
  33  2:51  Queen  
  33  2:57  Overlord  
  35  3:01  Drone  
  36  3:16  Drone x4  
  36  3:17  Drone x3  
  43  3:21  Drone  
  44  3:27  Lair  
  44  3:31  Overlord  
  44  3:37  Extractor  
  44  3:38  Extractor  
  42  3:42  Drone x2  
  42  3:47  Overlord  
  44  3:50  Drone x5  
  44  3:53  Drone  
  44  3:55  Drone  
  51  3:56  Drone  
  52  4:18  Zergling x8  
  52  4:19  Zergling x6  
  52  4:23  Overlord  
  59  4:25  Hydralisk Den  
  59  4:26  Hatchery  
  57  4:32  Overlord x2  
  57  4:41  Zergling x6  
  57  4:43  Overseer  
  60  4:47  Overlord x2  
  60  4:54  Grooved Spines, Hydralisk  
  60  4:55  Hydralisk x2  
  66  5:00  Hydralisk  
  66  5:05  Hydralisk x2  
  72  5:08  Hydralisk  
  72  5:12  Hydralisk  
  76  5:19  Hydralisk x2  
  80  5:22  Hydralisk  
  82  5:29  Overlord x2  
  82  5:31  Hydralisk  
  84  5:39  Zergling x6  
  84  5:40  Zergling x4  
  89  5:47  Zergling x2  
  90  5:50  Zergling x2  
  90  5:54  Zergling x2  
  90  5:55  Zergling x6  
  95  6:02  Zergling x4  
Show
View Real Time Build Order
Export as new Build Order

A.I. 1 (Very Easy) Zerg - Winner!

Build Orders: Pool Only 

Get SALT Encoding   

  12  0:01  Drone  
  13  0:13  Overlord  
  13  0:16  Drone  
  14  0:35  Spawning Pool  
  13  0:37  Extractor  
  13  0:40  Drone  
  13  0:47  Drone  
  14  0:53  Overlord  
  14  1:22  Zergling x2  
  14  1:23  Queen  
  17  1:34  Roach Warren  
  17  1:37  Drone  
  17  1:42  Extractor  
  17  1:46  Drone  
  17  1:51  Zergling x2  
  18  2:04  Drone  
  19  2:12  Drone  
  20  2:20  Drone  
  20  2:21  Zergling x2  
  22  2:29  Overlord  
  22  2:34  Drone  
  23  2:41  Drone  
  24  2:49  Drone  
  24  2:50  Roach  
  27  5:49  Zergling x2  
Tags
 
Matchup
ZvZ
Race
Zerg
Spawn Locations
Cross Positions
Add a new tag
Caveats
  • Supply blocks, unpowered buildings, or Contaminate may cause inaccurate times.
  • Supply counts are checked every 10 seconds.